 Dungeon Crawl Stone Soup version 0.23-a0-29-g1be82e5 (webtiles) character file.

4 glosham the Conjurer (level 1, 0/16 HPs)
             Began as a Centaur Conjurer on Aug 3, 2018.
             Slain by a jackal (2 damage)
             ... on level 2 of the Dungeon.
             The game lasted 00:02:17 (87 turns).

glosham the Conjurer (Centaur Conjurer)               Turns: 87, Time: 00:02:18

Health: 0/16       AC:  4    Str: 10    XL:     1   Next: 58%
Magic:  1/3        EV:  9    Int: 14    God:
Gold:   0          SH:  0    Dex:  9    Spells: 2/3 levels left

rFire    . . .     SeeInvis .   a - +0 club
rCold    . . .     Gourm    .   (no shield)
rNeg     . . .     Faith    .   b - +0 robe
rPois    .         Spirit   .   (no helmet)
rElec    .         Reflect  .   (no cloak)
rCorr    .         Harm     .   (no gloves)
MR       .....                  (no barding)
Stlth    +.........             (no amulet)
HPRegen  0.05/turn              (no ring)
MPRegen  0.08/turn              (no ring)

@: very quick
A: large, hooves 3, deformed body, speed 2, tough skin 3
a: no special abilities


You were on level 2 of the Dungeon.
You were not hungry.

You visited 1 branch of the dungeon, and saw 2 of its levels.

Inventory:

Hand Weapons
 a - a +0 club (weapon)
Missiles
 d - 19 bolts
Armour
 b - a +0 robe (worn)
Comestibles
 c - 2 rations


   Skills:
 * Level 1.2 Fighting
 - Level 1.3 Dodging
 - Level 1.1 Stealth
 - Level 1.5 Spellcasting
 - Level 3.6 Conjurations


You had 2 spell levels left.
You knew the following spells:

 Your Spells              Type           Power        Failure   Level  Hunger
x - Magic Dart            Conj           ##..         6%          1    ##.....

Your spell library contained the following spells:

 Spells                   Type           Power        Failure   Level  Hunger
 Iskenderun's Mystic Bla  Conj           ##......     50%         4    #####..
 Fulminant Prism          Conj/Hex       #.........   75%         4    #####..
 Dazzling Spray           Conj/Hex       #.....       34%         3    ####...
 Force Lance              Conj/Tloc      #.......     75%         4    #####..
 Searing Ray              Conj           ##....       9%          2    ###....


Dungeon Overview and Level Annotations

Branches:
Dungeon (2/15)

Altars:

Annotations:
D:2 Jessica


Innate Abilities, Weirdness & Mutations

You have hooves in place of feet.
Armour fits poorly on your strangely shaped body.
You cover ground very quickly.
You have extremely tough skin. (AC +3)


Message History

Jessica the Apprentice Sorceress comes into view.
She is wielding a dagger of venom.
Jessica shouts!
A kobold comes into view.
The kobold shouts!
Jessica gestures wildly while chanting.
Jessica seems to speed up.
Found a scroll labeled XIJUEN JAWKI.
The frilled lizard barely misses you.
You closely miss the frilled lizard.
The kobold throws a stone.
The stone hits you but does no damage.
The frilled lizard completely misses you.
You closely miss the frilled lizard. Your kick misses the frilled lizard.
The jackal bites you but does no damage.
The frilled lizard barely misses you. The jackal barely misses you.
You hit the frilled lizard.
The frilled lizard is heavily wounded.
The frilled lizard completely misses you.
The jackal bites you but does no damage.
You miss the frilled lizard. Your kick misses the frilled lizard.
The jackal closely misses you. The frilled lizard barely misses you.
The jackal completely misses you.
The frilled lizard bites you but does no damage.
You barely miss the frilled lizard. Your kick misses the frilled lizard.
The jackal bites you but does no damage.
The jackal barely misses you. The frilled lizard bites you.
* * * LOW HITPOINT WARNING * * *
You miss the frilled lizard. Your kick misses the frilled lizard.
Jessica mumbles some strange words.
Jessica blinks!
The jackal closely misses you. The frilled lizard bites you.
* * * LOW HITPOINT WARNING * * *
The jackal bites you but does no damage.
You barely miss the frilled lizard.
The jackal bites you but does no damage.
The frilled lizard barely misses you.
The jackal bites you but does no damage.
The frilled lizard bites you but does no damage.
Your magical contamination has completely faded away.
You miss the frilled lizard. Your kick misses the frilled lizard.
The jackal bites you.
You die...

#. #?. # ..# ##@
#### #.###.# #..
#.#..# #.######
#.#.######.......
#.K#h.h.h....#
###h######h.##
#@# ##..# #l#
#.<.# ..# #..##
#.## ###.g######
#. #...).....# #.
#.#.h####.# #.
#.#..# #. #.#..#
#.#..#


You could see 2 jackals, a kobold and a frilled lizard.

Vanquished Creatures
  A ball python (D:2)
  A hobgoblin (D:1)
  A jackal (D:2)
  A kobold (D:2)
4 creatures vanquished.

Notes
Turn   | Place    | Note
-------+----------+-------------------------------------------
     0 | D:1      | glosham the Centaur Conjurer began the quest for the Orb.
     0 | D:1      | Reached XP level 1. HP: 14/14 MP: 3/3
    49 | D:2      | Reached skill level 1 in Fighting
    76 | D:2      | Noticed Jessica
    87 | D:2      | Slain by a jackal

Vault maps used:
D:1:      co_arrival_square_in_a_square_in_a_square
D:2:      lemuel_doored_altar, lemuel_coloured_pillars_altar, uniq_jessica

Skill      XL: |  1 |
---------------+----+-----
Fighting       | 1 |  1.2
Dodging        | |  1.3
Stealth        | |  1.1
Spellcasting   | |  1.5
Conjurations   | |  3.6

Action                   || total
-------------------------++-------
Melee: Club              ||    14
       Unarmed           ||     2
 Cast: Magic Dart        ||     5
Armor: Robe              ||     8
Dodge: Dodged            ||    14

Table legend:
 A = Spawn XP
 B = Non-spawn XP
 C = Spawn XP percentage of total XP
 D = Spawn monster count
 E = Non-spawn monster count
 F = Spawn count percentage of total count
 G = Total turns spent on level
                    A         B        C        D         E        F      G
               +---------+---------+-------+---------+---------+-------+---------
         Total |       0 |       7 |   0.0 |       0 |       4 |   0.0 |    87
               +---------+---------+-------+---------+---------+-------+---------
           D:1 |       0 |       2 |   0.0 |       0 |       1 |   0.0 |    38
           D:2 |       0 |       5 |   0.0 |       0 |       3 |   0.0 |    49
               +---------+---------+-------+---------+---------+-------+---------

Table legend:
 A = Turns spent in this place as a percentage of turns spent in the entire game.
 B = Non-inter-level travel turns spent in this place as a percentage of non-inter-level travel turns spent in the entire game.
 C = Inter-level travel turns spent in this place as a percentage of turns spent in this place.
 D = Turns resting spent in this place as a percentage of non-inter-level travel turns spent in this place.
 E = Turns spent auto-exploring this place as a percentage of non-inter-level travel turns spent in this place.
 F = Non-inter-level travel turns spent in this place divided by the number of levels of this place that you've seen.
                   A       B       C       D       E      F
               +-------+-------+-------+-------+-------+----------------------
         Total | 100.0 | 100.0 |   0.0 |   0.0 |   0.0 |  43.5
       Dungeon | 100.0 | 100.0 |   0.0 |   0.0 |   0.0 |  43.5
               +-------+-------+-------+-------+-------+----------------------

Table legend:
 A = Kills in this place as a percentage of kills in entire the game.
 B = Kills by you in this place as a percentage of kills by you in the entire game.
 C = Kills by friends in this place as a percentage of kills by friends in the entire game.
 D = Other kills in this place as a percentage of other kills in the entire game.
 E = Experience gained in this place as a percentage of experience gained in the entire game.
 F = Experience gained in this place divided by the number of levels of this place that you have seen.
                   A       B       C       D       E      F
               +-------+-------+-------+-------+-------+----------------------
         Total | 100.0 | 100.0 |   N/A |   N/A | 100.0 |   3.5
       Dungeon | 100.0 | 100.0 |   N/A |   N/A | 100.0 |   3.5
               +-------+-------+-------+-------+-------+----------------------

Vault maps used:
D:1:      co_arrival_square_in_a_square_in_a_square
D:2:      lemuel_doored_altar, lemuel_coloured_pillars_altar, uniq_jessica
